 Dungeon Crawl Stone Soup version 0.27-a0-1200-g94dc6ad4cf (webtiles) character file.

Game seed: 12258548416238755142

58 Ijustatesigmund the Skirmisher (level 3, -3/43 HPs)
             Began as a Demonspawn Fighter on June 1, 2021.
             Slain by Robin
             ... wielding a +0 mace
              (6 damage)
             ... on level 2 of the Dungeon.
             The game lasted 00:03:06 (1241 turns).

Ijustatesigmund the Skirmisher (Demonspawn Fighter) Turns: 1241, Time: 00:03:06

Health: -3/43      AC: 21    Str: 14 (16) XL:     3   Next: 76%
Magic:  3/3        EV:  2    Int:  7 (9)  God:
Gold:   91         SH:  8    Dex: 11 (13) Spells: 2/2 levels left

rFire    . . .     SeeInvis .   a - +0 war axe
rCold    . . .     Faith    .   c - +0 kite shield
rNeg     + + +     Spirit   .   (armour currently unavailable)
rPois    +         Reflect  .   (helmet currently unavailable)
rElec    .         Harm     .   (cloak currently unavailable)
rCorr    .         Rampage  .   (gloves currently unavailable)
Will     .....     NoTele   +   (boots currently unavailable)
Stlth    +.........             (no amulet)
HPRegen  0.14/turn              (no ring)
MPRegen  0.08/turn              (no ring)

@: tree-form
A: stationary, stasis, torment immunity, boosted hp, (talons 1), powered by pain
1
a: no special abilities


You were on level 2 of the Dungeon.
You were a tree.
You visited 1 branch of the dungeon, and saw 2 of its levels.

You collected 91 gold pieces.

Inventory:

Hand Weapons
 a - a +0 war axe (weapon)
Armour
 b - a +0 scale mail (melded)
 c - a +0 kite shield (worn)
Scrolls
 h - 2 scrolls of fear
 j - a scroll of enchant armour {unknown}
 l - a scroll of identify {unknown}
Potions
 d - a potion of might
 g - a potion of mutation {unknown}
 i - a potion of flight
 k - a potion of resistance {unknown}


   Skills:
 + Level 3.6 Fighting
 * Level 3.2 Axes
 - Level 2.6 Armour
 - Level 2.6 Shields


You had 2 spell levels left.
You didn't know any spells.
Your spell library was empty.

Dungeon Overview and Level Annotations

Branches:
Dungeon (2/15)

Altars:

Annotations:
D:2 Robin


Innate Abilities, Weirdness & Mutations

You are a tree.
Your roots penetrate the ground, keeping you stationary.
You cannot be teleported.
You are immune to unholy pain and torment.
Your maximum health is greatly increased.
Your equipment is partially melded.
((You have sharp toenails.))
You sometimes gain a little power by taking damage.


Message History

You kill the hobgoblin!
You barely miss Robin. Robin hits you with a +0 mace!
The goblin shoots a stone.
The stone hits you.
* * * LOW HITPOINT WARNING * * *
Robin hits you with a +0 mace.
* * * LOW HITPOINT WARNING * * *
There are monsters nearby!
It was a potion of flight.
You feel very buoyant.
You fly up into the air.
The goblin shoots a stone.
The stone hits you but does no damage. You block Robin's attack.
It was a potion of degeneration.
There was something very wrong with that liquid.
You feel weakened.
You feel dopey.
You feel clumsy. Robin throws the goblin at you!
The goblin unwields a +0 hunting sling.
The goblin wields a +0 club.
You block the goblin's attack.
It was a potion of lignification.
You turn into a tree.
Your +0 scale mail melds into your body.
Your roots penetrate the ground.
Robin hits you but does no damage. The goblin barely misses you.
You slash the goblin!
You kill the goblin!
You hit the goblin. You hit Robin. Robin hits you but does no damage.
You block the goblin's attack.
You barely miss the goblin.
The goblin is heavily wounded.
You hit Robin. Robin hits you with a +0 mace.
* * * LOW HITPOINT WARNING * * *
The goblin hits you but does no damage. You block Robin's attack.
The goblin hits you but does no damage.
Okay, then.
You completely miss Robin.
Robin is severely wounded.
You hit the goblin.
You kill the goblin!
Robin hits you but does no damage.
You hit Robin.
Robin is almost dead.
Robin hits you with a +0 mace.
You die...

...#### #######
......#####.....#
##...>........#.##
.....###...##....#
.##### ###.###.#.#
. ########.# #.#.#
..........# #.#.#
.########### #.#)#
.# #.#♣# .# #.#)g#
# #..#.# ##. .. #.
... #. .... #.
....# #. ....#


You could see Robin.

Vanquished Creatures
  An adder (D:2)
  3 endoplasms (D:1)
  A giant cockroach (D:1)
  10 goblins
  6 hobgoblins
  3 jackals (D:1)
  4 kobolds
  2 quokkas
  4 ball pythons (D:2)
  2 bats (D:1)
  3 frilled lizards (D:2)
  4 rats
43 creatures vanquished.

Vanquished Creatures (others)
  5 toadstools (D:2)
5 creatures vanquished.

Grand Total: 48 creatures vanquished

Notes
Turn   | Place    | Note
-------+----------+-------------------------------------------
     0 | D:1      | Ijustatesigmund the Demonspawn Fighter began the quest for
                  | the Orb.
     0 | D:1      | Reached XP level 1. HP: 18/18 MP: 1/1
   159 | D:1      | Gained mutation: You sometimes gain a little power by
                  | taking damage. [demonic ancestry]
   159 | D:1      | Reached XP level 2. HP: 14/24 MP: 2/2
   878 | D:2      | Gained mutation: You have sharp toenails. [demonic
                  | ancestry]
   878 | D:2      | Reached XP level 3. HP: 26/29 MP: 3/3
  1224 | D:2      | Noticed Robin
  1241 | D:2      | Slain by Robin

Illustrated notes

Levels and vault maps discovered:
D:1:      lightli_arrival_maybe_door_vault, layout_rooms, dk_noncrumbling_2
D:2:      cheibrodos_fertilizer, layout_rooms, uniq_robin

Skill      XL: |  1  2  3 |
---------------+----------+-----
Axes           | 2 3 |  3.2
Fighting       | |  3.6
Armour         | |  2.6
Shields        | |  2.6

Action                   || total
-------------------------++-------
Melee: War axe           ||   100
       Kick              ||     9
  Use: Scroll            ||     2
       Potion            ||     3
Armor: Scale mail        ||    67
       Skin              ||     5
Dodge: Dodged            ||    32
Block: Kite shield       ||    67

Table legend: (Time is in decaauts)
 A = Elapsed time spent in this place.
 B = Non-inter-level travel time spent in this place.
 C = Inter-level travel time spent in this place.
 D = Time resting spent in this place.
 E = Time spent auto-exploring this place.
 F = Levels seen in this place.
 G = Mean time per level.
                   A        B        C        D        E       F      G
               +--------+--------+--------+--------+--------+-----+--------+
         Total |   1303 |   1277 |     26 |      0 |   1023 |   2 |  651.5 |
       Dungeon |   1303 |   1277 |     26 |      0 |   1023 |   2 |  651.5 |
               +--------+--------+--------+--------+--------+-----+--------+

Top non-repeatable levels by time:
     D:1: 843 daAuts
     D:2: 459 daAuts
